 Dungeon Crawl Stone Soup version 0.14-a0-155-gd989017 (webtiles) character file.

11196 PolkaDot the Grappler (level 11, -9/105 HPs)
             Began as a Troll Death Knight on Oct 4, 2013.
             Was a High Priest of Yredelemnul.
             Mangled by a hill giant
             ... wielding a +0,+0 giant spiked club
              (28 damage)
             ... on Level 12 of the Dungeon.
             The game lasted 00:57:03 (8830 turns).

PolkaDot the Grappler (Troll Death Knight)          Turns: 8830, Time: 00:57:04

HP  -9/105       AC 11     Str 25      XL: 11   Next: 44%
MP  19/20        EV 10     Int  8      God: Yredelemnul [*****.]
Gold 164         SH  0     Dex 17      Spells:  1 memorised,  8 levels left

Res.Fire  : . . .   See Invis. : .     - Unarmed
Res.Cold  : . . .   Warding    : .   K - +1 robe "Hebbiczo" {Str+2 Dex+4 Curse}
Life Prot.: . . .   Conserve   : .   (shield restricted)
Res.Poison: .       Res.Corr.  : .   (helmet restricted)
Res.Elec. : .       Clarity    : +   (no cloak)
Sust.Abil.: . .     Spirit.Shd : .   (gloves unavailable)
Res.Mut.  : .       Stasis     : .   (boots unavailable)
Res.Rott. : .       Flight     : .   x - amulet of clarity
Gourmand  : +                        A - +3 ring of dexterity
                                     B - +1 ring of protection

@: about to teleport, somewhat resistant to hostile enchantments, unstealthy
A: unfitting armour, claws 3, fast metabolism 3, gourmand, regeneration 2,
saprovore 2, tough skin 2, AC +5, Dex -1
a: Animate Dead, Recall Undead Slaves, Injury Mirror, Drain Life, Enslave Soul,
Renounce Religion


You were on level 12 of the Dungeon.
You worshipped Yredelemnul.
Yredelemnul was extremely pleased with you.
You were very full.

You visited 1 branch of the dungeon, and saw 12 of its levels.
You also visited: Sewer.

You collected 626 gold pieces.
You spent 482 gold pieces at shops.

Inventory:

Armour
 K - the +1 robe "Hebbiczo" (worn) {Str+2 Dex+4 Curse}
   (You bought it in a shop on level 11 of the Dungeon)

   It affects your strength (+2).
   It affects your dexterity (+4).
   It may recurse itself.
Magical devices
 j - a wand of slowing (7)
 m - a wand of polymorph (19)
 n - a wand of paralysis (8)
 t - a wand of teleportation (6)
 C - a wand of disintegration (12)
 E - a wand of lightning (3)
 H - a wand of fire (8) {unknown}
 I - a wand of enslavement (8) {unknown}
 J - a wand of heal wounds (3) {unknown}
 M - a wand of frost (0)
Comestibles
 a - 8 meat rations
 b - 13 grapes
 c - 2 pears
 h - 4 chokos
 l - a rambutan
 v - 6 bread rations
 w - a cheese
 F - 4 rotting chunks of orc flesh
 L - a beef jerky
 O - 2 chunks of ogre flesh
 P - an apple
Scrolls
 e - 3 scrolls of enchant weapon II
 f - 2 scrolls of fear
 g - 12 scrolls of remove curse
 i - a scroll of curse jewellery {unknown}
 o - 2 scrolls of recharging
 q - 2 scrolls of fog
 s - 2 scrolls of enchant armour
 u - 5 scrolls of amnesia
 N - 2 scrolls of identify
Jewellery
 d - a +3 ring of intelligence
 k - an uncursed ring of fire
 r - an uncursed ring of ice
 x - an amulet of clarity (around neck)
 y - a cursed ring of protection from magic
 A - a +3 ring of dexterity (right claw)
 B - a +1 ring of protection (left claw)
Potions
 p - a potion of curing
 z - 3 potions of restore abilities


   Skills:
 + Level 7.8 Fighting
 - Level 1.2 Dodging
 * Level 12.8 Unarmed Combat
 + Level 8.8 Invocations


You had 8 spell levels left.
You knew the following spells:

 Your Spells              Type           Power        Failure   Level  Hunger
q - Blink                 Tloc           N/A          69%         2    ###....


Dungeon Overview and Level Annotations

Branches:
Dungeon (12/27)               Orc (0/4) D:8
 Temple: D:4-7         Lair: D:8-13

Altars:
Elyvilon
Kikubaaqudgha
Okawaru
Trog
the Shining One
Beogh

Shops:
D:9 =   D:11 [*((


Innate Abilities, Weirdness & Mutations

You are too large for most types of armour.
You have claws for hands.
Your metabolism is lightning-fast.
You like to eat raw meat.
You heal very quickly.
You can eat rotten meat.
You are covered in fur (AC +1).
You have very tough skin (AC +2).
You are partially covered in rough black scales (AC +4, Dex -1).


Message History

* * * LOW HITPOINT WARNING * * *
The skeletal warrior hits you with a short sword!
* * * LOW HITPOINT WARNING * * *
You mangle the hill giant!!
The hill giant begins to bleed from its wounds!
The hill giant is heavily wounded.
Your flying skull barely misses the skeletal warrior.
The skeletal warrior hits your wight with a scimitar!
Your wight hits the skeletal warrior but does no damage.
The skeletal warrior hits your flying skull with a war axe!
Your flying skull is destroyed!
A skeletal warrior comes into view. It is wielding a great mace.
Evoke which item? (* to show all) (? for menu, Esc to quit)
Okay, then.
Read which item? (? for menu, Esc to quit)
As you read the scroll of teleportation, it crumbles to dust.
You feel strangely unstable.
The hill giant hits you with a giant spiked club!
You die...
Your body rises from the dead as a mindless zombie.

#.# ######## #.#
#....C.# #.# #####
#@# #.# #...> ####z#
#.# #.### #...z####
#.# #.##.
#[.z....####.####.##.
#....##........%.....
##z#z#####<....##....
#.#.# ##...#######
....# ##<## ## #..z##
#.# #.


You could see 5 skeletal warriors, a hill giant (bleeding) and a friendly wight.

Vanquished Creatures
  Pikel (D:5)
  A slime creature (D:12)
  Grinder (D:5)
  The ghost of Kae the Basher, an average MiBe of Trog (D:5)
  3 hippogriffs
  5 yaks (D:9)
  A hill giant zombie (D:10)
  Edmund (D:4)
  6 orc warriors
  A soldier ant (D:7)
  2 sky beasts
  3 black bears
  4 ogres
  5 centaurs
  Sigmund (D:5)
  Duvessa (D:5)
  10 big kobolds
  2 water moccasins (D:10)
  Blork the orc (D:5)
  A wyvern zombie (D:9)
  2 giant frogs (D:6)
  An eye of draining (D:12)
  A hippogriff skeleton (D:10)
  11 killer bees
  13 wights
  Dowan (D:5)
  4 goliath beetles
  8 orc priests
  A soldier ant zombie (D:10)
  A jelly (D:9)
  3 crimson imps
  A centaur skeleton (D:7)
  7 hounds
  4 iguanas
  A big fish (D:5)
  7 orc wizards
  5 scorpions
  3 worker ants
  Ijyb (D:6)
  Terence (D:2)
  A mummy (D:8)
  9 gnolls
  11 adders
  4 giant centipedes
  2 green rats (Sewer)
  6 giant mites (D:7)
  An inept feature mimic (D:5)
  7 worms
  An adder skeleton (D:4)
  An adder zombie (D:6)
  A grey rat (D:4)
  A giant eyeball (D:9)
  45 orcs
  13 bats
  2 giant cockroaches (D:1)
  15 hobgoblins
  5 jackals
  23 kobolds
  5 oozes
  6 ball pythons
  3 giant geckos
  4 giant newts
  4 goblins
  An orc skeleton (D:5)
  7 quokkas
  20 rats
  7 ballistomycetes
  A fungus (D:6)
333 creatures vanquished.

Vanquished Creatures (collateral kills)
  Erolcha (D:10)
  A slime creature (D:12)
  A cyclops (D:11)
  A two-headed ogre (D:11)
  A basilisk (D:11)
  A necrophage (D:10)
  An orc warrior (D:8)
  2 centaurs
  2 giant frogs
  A gnoll sergeant (D:10)
  A big kobold (Sewer)
  6 killer bees (D:10)
  A water moccasin (D:11)
  A wight (D:7)
  An orc priest (D:8)
  A crimson imp (D:8)
  A gnoll shaman (D:10)
  A giant frog zombie (D:8)
  A worker ant (D:8)
  2 orc wizards
  2 scorpions (D:10)
  A gnoll (D:10)
  An adder (D:8)
  A giant eyeball (D:8)
  2 giant geckos (D:8)
  7 orcs
  A bat (D:2)
  A kobold (D:5)
  A butterfly (D:7)
45 creatures vanquished.

Vanquished Creatures (others)
  A spectral human (D:12)
  2 wraiths (D:8)
  10 flying skulls
  A wight (D:8)
  A scorpion (D:11)
  A centaur skeleton (D:8)
  3 killer bee zombies (D:10)
  A spectral gnoll (D:8)
  A mummy (D:8)
  A goliath beetle zombie (D:10)
  2 gnoll zombies (D:10)
  An adder skeleton (D:6)
  An orc (D:5)
  A bat skeleton (D:9)
  A giant gecko zombie (D:8)
  2 giant spores
  2 kobold zombies
  2 orc skeletons
  2 orc zombies (D:8)
  A rat (D:5)
37 creatures vanquished.

Grand Total: 415 creatures vanquished

Notes
Turn   | Place    | Note
--------------------------------------------------------------
     0 | D:1      | PolkaDot, the Troll Death Knight, began the quest for the Orb.
     0 | D:1      | Reached XP level 1. HP: 20/20 MP: 2/2
   295 | D:1      | Reached XP level 2. HP: 28/28 MP: 2/2
   748 | D:2      | Noticed Terence
   758 | D:2      | Killed Terence
   758 | D:2      | Reached XP level 3. HP: 21/35 MP: 4/4
   875 | D:2      | Reached skill level 3 in Unarmed Combat
   892 | D:2      | Acquired Yredelemnul's second power
  1163 | D:2      | Reached XP level 4. HP: 44/44 MP: 5/5
  1713 | D:3      | Reached XP level 5. HP: 50/50 MP: 1/5
  1847 | D:3      | Reached skill level 4 in Unarmed Combat
  1959 | D:4      | HP: 2/50 [orc/orcish flail (9)]
  2075 | D:4      | Reached XP level 6. HP: 21/59 MP: 7/7
  2079 | D:4      | Found an ancient bone altar of Kikubaaqudgha.
  2085 | D:4      | Found an iron altar of Okawaru.
  2208 | D:4      | Acquired Yredelemnul's third power
  2271 | D:4      | Found a glowing golden altar of the Shining One.
  2301 | D:4      | Found a glowing drain.
  2330 | Sewer    | Entered a sewer
  2357 | Sewer    | Reached skill level 5 in Unarmed Combat
  2494 | Sewer    | Reached XP level 7. HP: 51/67 MP: 6/8
  2528 | Sewer    | Reached skill level 6 in Unarmed Combat
  2804 | Sewer    | Reached XP level 8. HP: 71/76 MP: 8/10
  2867 | Sewer    | Acquired Yredelemnul's fourth power
  2867 | Sewer    | Reached skill level 7 in Unarmed Combat
  3134 | D:4      | Noticed a hippogriff
  3137 | D:4      | Noticed Edmund
  3143 | D:4      | Killed a hippogriff
  3143 | D:4      | Reached skill level 5 in Invocations
  3152 | D:4      | Gained mutation: You are partially covered in rough black scales (AC +4, Dex -1). [potion of beneficial mutation]
  3160 | D:4      | Killed Edmund
  3320 | D:5      | Entered Level 5 of the Dungeon
  3419 | D:5      | Noticed Duvessa
  3421 | D:5      | Noticed Dowan
  3440 | D:5      | Killed Duvessa
  3440 | D:5      | Reached skill level 8 in Unarmed Combat
  3450 | D:5      | Killed Dowan
  3487 | D:5      | Noticed Grinder
  3506 | D:5      | Killed Grinder
  3506 | D:5      | Reached skill level 5 in Fighting
  3527 | D:5      | Noticed Kae's ghost (average MiBe)
  3544 | D:5      | Killed Kae's ghost
  3544 | D:5      | Reached XP level 9. HP: 28/84 MP: 13/13
  3638 | D:5      | Noticed Sigmund
  3646 | D:5      | Killed Sigmund
  3755 | D:5      | Reached skill level 9 in Unarmed Combat
  3755 | D:5      | Noticed Pikel
  3778 | D:5      | Killed Pikel
  3800 | D:5      | Found a white marble altar of Elyvilon.
  3904 | D:5      | Noticed Blork the orc
  3913 | D:5      | Killed Blork the orc
  4383 | D:6      | Acquired Yredelemnul's fifth power
  4387 | D:6      | Noticed Ijyb
  4397 | D:6      | Killed Ijyb
  4397 | D:6      | Reached skill level 10 in Unarmed Combat
  4493 | D:6      | Received a gift from Yredelemnul
  4862 | D:6      | Noticed Crazy Yiuf
  4869 | D:6      | Killed Crazy Yiuf
  4869 | D:6      | Enslaved Crazy Yiuf
  5207 | D:7      | Reached XP level 10. HP: 80/94 MP: 16/16
  5211 | D:7      | Received a gift from Yredelemnul
  5540 | D:7      | Received a gift from Yredelemnul
  5801 | D:8      | Learned a level 2 spell: Blink
  5822 | D:8      | Paralysed by a giant eyeball for 3 turns
  5831 | D:8      | Your ally Crazy Yiuf died
  5835 | D:8      | Paralysed by a giant eyeball for 3 turns
  6018 | D:9      | Reached skill level 11 in Unarmed Combat
  6464 | D:9      | Found Qerufale's Jewellery Shoppe.
  6473 | D:9      | Bought an uncursed amulet of clarity for 300 gold pieces
  6660 | D:9      | Received a gift from Yredelemnul
  6932 | D:8      | Paralysed by a giant eyeball for 2 turns
  6936 | D:8      | Received a gift from Yredelemnul
  6938 | D:8      | Found a roughly hewn altar of Beogh.
  6944 | D:8      | Paralysed by a giant eyeball for 2 turns
  6947 | D:8      | Found a staircase to the Orcish Mines.
  6956 | D:8      | Reached skill level 12 in Unarmed Combat
  7197 | D:10     | Entered Level 10 of the Dungeon
  7318 | D:10     | Reached XP level 11. HP: 92/104 MP: 19/19
  7428 | D:10     | HP: 5/105 [poisoned by a killer bee]
  7607 | D:10     | Noticed Erolcha
  7610 | D:10     | Received a gift from Yredelemnul
  7617 | D:10     | Killed Erolcha
  7788 | D:10     | Found an ancient bone altar of Kikubaaqudgha.
  7872 | D:10     | Received a gift from Yredelemnul
  8024 | D:11     | Found Eda Stra's Assorted Antiques.
  8026 | D:11     | Bought a brightly glowing robe for 182 gold pieces
  8027 | D:11     | Identified the +1 robe "Hebbiczo" {Str+2 Dex+4 Curse} (You bought it in a shop on level 11 of the Dungeon)
  8071 | D:11     | Found Ched Bue's Antique Armour Shoppe.
  8121 | D:11     | Found a bloodstained altar of Trog.
  8163 | D:11     | Found Xozetuf's Weapon Shoppe.
  8164 | D:11     | Noticed Harold
  8175 | D:11     | Killed Harold
  8175 | D:11     | Enslaved Harold
  8227 | D:11     | Found Muilokal's Weapon Boutique.
  8723 | D:12     | HP: 1/105 [large slime creature (40)]
  8780 | D:12     | Your ally Harold died
  8821 | D:12     | Noticed a skeletal warrior
  8822 | D:12     | Noticed a skeletal warrior
  8824 | D:12     | Noticed a skeletal warrior
  8827 | D:12     | Noticed a hill giant
  8828 | D:12     | Noticed a skeletal warrior
  8830 | D:12     | Noticed a skeletal warrior
  8830 | D:12     | Mangled by a hill giant

Action                   |  1- 3 |  4- 6 |  7- 9 | 10-12 || total
-------------------------+-------+-------+-------+-------++-------
Melee: Unarmed           |   104 |   149 |   367 |   477 ||  1097
Invok: Animate Remains   |     4 |     9 |       |       ||    13
       Animate Dead      |       |     6 |    18 |    30 ||    54
       Recall Undead Sla |       |       |     1 |     7 ||     8
       Enslave Soul      |       |       |     1 |     1 ||     2
  Use: Scroll            |       |     9 |     3 |    19 ||    31
       Potion            |       |     3 |     9 |    12 ||    24
 Stab: Sleeping          |     1 |       |     1 |       ||     2
       Distracted        |       |     1 |       |       ||     1
